 Dungeon Sprint DCSS version 0.17-a0-1528-gfee3901 (webtiles) character file.

120 ztt the Quickloader (level 4, -3/57 HPs)
             Began as a Centaur Hunter on July 15, 2015.
             Slain by a deep elf priest
             ... wielding a +0 long sword of holy wrath
              (10 damage)
             ... in the Dungeon (Sprint III: "The Ten Rune Challenge").
             The game lasted 00:01:46 (840 turns).

ztt the Quickloader (Centaur Hunter)                 Turns: 840, Time: 00:01:46

Health: -3/57      AC:  4    Str: 21    XL:     4   Next: 75%
Magic:  4/4        EV: 10    Int: 10    God:
Gold:   21         SH:  0    Dex:  9    Spells: 0 memorised, 3 levels left

rFire  . . .     SeeInvis .     c - +0 short sword
rCold  . . .     Clarity  .     d - +0 leather armour
rNeg   . . .     SustAt   .     (no shield)
rPois  .         Gourm    .     (no helmet)
rElec  .         Spirit   .     (no cloak)
rCorr  .         Warding  .     (no gloves)
rMut   .         NoTele   +     (no barding)
MR     .....                    (no amulet)
Stlth  ..........               (no ring)
                                (no ring)

@: berserking, very quick, not resistant to hostile enchantments, extremely
unstealthy
A: hooves 3, deformed body, speed 2, tough skin 3
a: no special abilities


You were in the Dungeon.
You were not hungry.

You visited 1 branch You collected 21 gold pieces.

Inventory:

Hand weapons
 a - a +1 hand crossbow
 c - a +0 short sword (weapon)
Armour
 d - a +0 leather armour (worn)
Scrolls
 k - a scroll of blinking
 m - a scroll of immolation {unknown}
 n - 7 scrolls of identify
 r - a scroll of holy word {unknown}
 s - 2 scrolls of remove curse
Potions
 f - a potion of curing
 h - a potion of haste
 i - 2 potions of magic
 l - 2 potions of mutation {unknown}
 p - 4 potions of cure mutation
 q - 2 potions of flight {unknown}
Comestibles
 e - a bread ration
 o - 2 royal jellies


   Skills:
 + Level 3.0 Fighting
 - Level 10.1 Crossbows
 + Level 1.5 Armour
 + Level 2.5 Dodging
 - Level 0.5 Stealth


You had 3 spell levels left.
You didn't know any spells.

Dungeon Overview and Level Annotations

Branches:
Dungeon (1/1)

Altars:
Elyvilon
Zin
The Shining One


Innate Abilities, Weirdness & Mutations

You have hooves in place of feet.
Armour fits poorly on your strangely shaped body.
You cover ground very quickly.
You have extremely tough skin (AC +3).


Message History

You closely miss the deep elf priest. Your kick misses the deep elf priest.
The deep elf priest is almost dead.
The deep elf priest barely misses you.
You closely miss the deep elf priest. You kick the deep elf priest.
The deep elf priest is almost dead.
The deep elf priest utters a dark prayer and points at you.
Your life force is offered up.
The deep elf priest is healed.
You miss the deep elf priest. You kick the deep elf priest.
The deep elf priest is almost dead.
The deep elf priest mumbles some strange prayers to its god against you.
Something smites you!
* * * LOW HITPOINT WARNING * * *
You are too injured to fight recklessly!
You are too injured to fight recklessly!
You are too injured to fight recklessly!
Drink which item? (? for menu, Esc to quit)
A red film seems to cover your vision as you go berserk!
You feel yourself moving faster!
You feel mighty!
The deep elf priest hits you with a long sword of holy wrath!
You die...

▓▓ ▓▓▓ .#### ##.#####
....#####..#___#
)....#..#..#(..#
##...#..#..###'#+###+##
###..##'#..#...e......#
.##..###...'.⌠..@.....#
##..####...#...######+#
##..###....#.⌠.#
#...##÷....#...#
....#......#+###
..##.#.....#
..#####....# ▓▓▓ ▓▓▓▓▓▓


You could see a deep elf priest.

Vanquished Creatures
  A water elemental (D)
  Jessica (D)
  A wolf (D)
  A human (D)
  3 rats (D)
7 creatures vanquished.

Vanquished Creatures (others)
  2 draconian scorchers (D)
  A yaktaur (D)
3 creatures vanquished.

Grand Total: 10 creatures vanquished

Notes
Turn   | Place    | Note
--------------------------------------------------------------
     0 | D        | ztt the Centaur Hunter began the quest for the Orb.
     0 | D        | Reached XP level 1. HP: 17/17 MP: 1/1
    32 | D        | Noticed Jessica
    36 | D        | Killed Jessica
    36 | D        | Reached skill level 7 in Crossbows
    36 | D        | Reached XP level 2. HP: 24/24 MP: 2/2
    40 | D        | Killed a yaktaur
   267 | D        | Killed a white draconian scorcher
   278 | D        | Reached skill level 8 in Crossbows
   278 | D        | Reached XP level 3. HP: 10/30 MP: 3/3
   291 | D        | Killed a white draconian scorcher
   485 | D        | Noticed a wolf
   490 | D        | Killed a wolf
   490 | D        | Reached skill level 1 in Armour
   490 | D        | Reached XP level 4. HP: 6/37 MP: 4/4
   768 | D        | Noticed a water elemental
   785 | D        | Killed a water elemental
   785 | D        | Reached skill level 10 in Crossbows
   805 | D        | Found a glowing silver altar of Zin.
   808 | D        | Found a glowing golden altar of the Shining One.
   810 | D        | Found a white marble altar of Elyvilon.
   811 | D        | Noticed a deep elf priest
   840 | D        | Slain by a deep elf priest

Vault maps used:
D:        dungeon_sprint_mu

Action                   |  1- 3 |  4- 6 || total
-------------------------+-------+-------++-------
Melee: Short sword       |       |     9 ||     9
 Fire: Hand crossbow     |    23 |    22 ||    45
  Use: Scroll            |     1 |       ||     1
       Potion            |       |     2 ||     2
